 Dungeon Crawl Stone Soup version 0.30.1-1-g62c8e00024 (webtiles) character file.

Game seed: 2311461326078417104

2184 shmup the Arsonist (level 9, -2/45 HPs)
             Began as a Tengu Fire Elementalist on July 17, 2023.
             Killed from afar by an orc wizard (10 damage)
             ... with a puff of flame
             ... on level 6 of the Dungeon.
             The game lasted 00:24:30 (6148 turns).

shmup the Arsonist (Tengu Fire Elementalist)        Turns: 6148, Time: 00:24:31

Health: -2/45      AC:  3    Str:  8    XL:     9   Next: 33%
Magic:  4/13       EV: 30    Int: 25    God:
Gold:   77         SH:  0    Dex: 18    Spells: 0/12 levels left

rFire   . . .        a - +9 dagger "Beetleslayer" {pain, rCorr Int+5 Dex+3}
rCold   + . .        (no shield)
rNeg    . . .        y - +0 robe
rPois   .            (helmet restricted)
rElec   .            t - +0 cloak
rCorr   +            (no gloves)
SInv    .            (boots unavailable)
Will    .....        C - amulet of the acrobat
Stlth   ++           F - ring of protection from cold
HPRegen 0.27/turn    (no ring)
MPRegen 0.13/turn

%: acrobat
@: acrobatic, flying quickly and evasively, quick
A: beak, talons 3, nimble flight
a: no special abilities


You were on level 6 of the Dungeon.
You visited 1 branch of the dungeon, and saw 6 of its levels.

You collected 455 gold pieces.
You spent 378 gold pieces at shops.

Inventory:

Hand Weapons
 a - the +9 dagger "Beetleslayer" (weapon) {pain, rCorr Int+5 Dex+3}
   (You bought it in a shop on level 4 of the Dungeon)

   Int:       It affects your intelligence (+5).
   Dex:       It affects your dexterity (+3).
   rCorr:     It protects you from acid and corrosion.
 b - the +11 long sword of the Firefly {flame, rF- Int+2 Dex+7}
   (You found it on level 5 of the Dungeon)

   Int:       It affects your intelligence (+2).
   Dex:       It affects your dexterity (+7).
   rF:        It makes you vulnerable to fire.
 f - a +0 dagger
 k - a +0 spear
 x - a +2 short sword of venom
 A - a +2 dagger of freezing
Missiles
 c - 18 stones (quivered)
 m - 7 boomerangs
Armour
 t - a +0 cloak (worn)
 y - a +0 robe (worn)
 E - the +1 leather armour of Noxious Amelioration {+Blink Will++ Slay-3}
   (You bought it in a shop on level 5 of the Dungeon)

   Slay:      It affects your accuracy & damage with ranged weapons and melee
   (-3).
   +Blink:    It lets you blink.
   Will:      It greatly increases your willpower.
Magical Staves
 u - a staff of conjuration
Jewellery
 C - an amulet of the acrobat (around neck)
 F - a ring of protection from cold (left hand)
Scrolls
 d - 2 scrolls of silence {unknown}
 e - a scroll of magic mapping
 h - a scroll of noise
 l - a scroll of identify
 n - a scroll of enchant weapon
 o - a scroll of fog {unknown}
 p - a scroll of teleportation
 r - a scroll of brand weapon {unknown}
 s - a scroll of amnesia
 w - a scroll of immolation {unknown}
 D - 2 scrolls of blinking {unknown}
Potions
 g - 2 potions of degeneration {unknown}
 i - 3 potions of lignification
 j - a potion of attraction {unknown}
 q - 3 potions of heal wounds
 v - 2 potions of magic
 z - a potion of brilliance {unknown}
 B - a potion of ambrosia {unknown}
 G - a potion of might {unknown}


   Skills:
 - Level 2.1 Dodging
 - Level 2.0 Stealth
 - Level 2.0 Spellcasting
 + Level 9.1 Conjurations
 * Level 11.3 Fire Magic


You couldn't memorise any spells.
You knew the following spells:

 Your Spells              Type           Power      Damage    Failure   Level
a - Foxfire               Conj/Fire      100%       2x1d9     1%          1
b - Scorch                Fire           100%       2d9       1%          2
c - Inner Flame           Hex/Fire       30%        N/A       3%          3
d - Volatile Blastmotes   Fire/Tloc      60%        2d15      3%          3
e - Hailstorm             Conj/Ice       25%        3d7       4%          3

Your spell library contained the following spells:

 Spells                   Type           Power      Damage    Failure   Level
 Flame Wave               Conj/Fire      52%        2d13      1%          4
 Freeze                   Ice            8%         1d3       11%         1
 Call Canine Familiar     Summ           2%         N/A       32%         3
 Frozen Ramparts          Ice            4%         1d1       32%         3
 Portal Projectile        Hex/Tloc       4%         N/A       32%         3
 Leda's Liquefaction      Hex/Erth       1%         N/A       73%         4


Dungeon Overview and Level Annotations

Branches:
Dungeon (6/15)
 Temple: D:4-7

Altars:
Cheibriados
Dithmenos
Makhleb
Okawaru
Ru

Shops:
D:4 (   D:5 [

Annotations:
D:2 exclusion: downstairs
D:3 Sigmund


Innate Abilities, Weirdness & Mutations

You have a beak for a mouth.
You have claws for feet.
Your magical nature lets you fly swiftly and evasively.


Message History

The orc warrior hits you with a +0 battleaxe.
Unknown command.
You completely miss the orc warrior. Your peck misses the orc warrior.
The orc warrior is almost dead.
The orc wizard closely misses you.
The orc warrior hits you with a +0 battleaxe!
* * * LOW HITPOINT WARNING * * *
Unknown command.
You hit the orc warrior but do no damage.
You peck the orc warrior, but do no damage.
The orc warrior is almost dead.
The orc wizard gestures wildly while chanting.
The orc wizard flickers and vanishes!
Deactivating autopickup; reactivate with Ctrl-A.
The orc warrior barely misses you.
Unknown command.
You closely miss the orc warrior. Your kick misses the orc warrior.
You peck the orc warrior, but do no damage.
The orc warrior is almost dead.
Something hits you but does no damage.
The orc warrior hits you with a +0 battleaxe!
* * * LOW HITPOINT WARNING * * *
Unknown command.
A magic dart appears from out of thin air!
The magic dart hits you.
* * * LOW HITPOINT WARNING * * *
The orc warrior unwields a +0 battleaxe.
The orc warrior wields a +0 arbalest.
The orc warrior shoots a bolt.
The bolt closely misses you.
Casting: Scorch (safe; 1% risk of failure)
Confirm with . or Enter, or press ? or * to list all spells.
Flames lash something.
The orc warrior shoots a bolt.
The bolt closely misses you.
Unknown command.
The orc warrior shoots a bolt.
The bolt completely misses you.
The orc warrior shoots a bolt.
The bolt completely misses you.
You hear some strange, mumbled words.
A puff of flame appears from out of thin air!
The puff of flame hits you!
You die...

...▒.▒▒.▒▒▒▒.▒ ▒▒......▒..
...).▒▒..▒▒▒.▒▒ ▒▒▒..▒.▒▒....
..............▒ ▒..%.........
....▒▒▒▒.▒▒▒▒.▒▒▒▒..▒▒........
....▒.......▒.......▒.).......
....▒.......▒.......▒▒........
.▒▒.▒.......▒......▒▒▒.....▒..
.▒..^..._...▒.....▒▒.o........
.▒▒.▒.......▒...Q.{...........
....▒.......▒..▒▒..▒..........
....▒.......▒..▒...▒...........
....▒▒▒▒^▒▒▒▒..▒▒.............▒
..▒...........▒▒▒............▒
▒.▒▒......▒....▒▒▒.....▒....▒▒▒▒
▒..▒......▒▒.▒▒▒▒..........▒▒▒.▒▒
........▒▒▒....#D...........▒...▒
▒....▒▒..........▒▒.............▒


You could see an orc warrior (inner flame).

Vanquished Creatures
  Pikel (D:5)
  Grinder (D:4)
  A steam dragon (D:6)
  Menkaure (D:5)
  An ice beast (D:6)
  5 black bears
  An ogre (D:5)
  A phantom (D:6)
  A howler monkey (D:5)
  3 jellies
  3 orc priests
  A hound (D:6)
  3 iguanas
  Robin (D:3)
  7 adders
  4 gnolls
  2 white imps
  An ufetubus (D:5)
  3 worms
  3 dart slugs
  23 orcs
  6 bats
  7 endoplasms
  2 giant cockroaches
  16 goblins
  15 hobgoblins
  2 kobolds (D:1)
  11 ball pythons
  3 frilled lizards (D:1)
  7 rats
136 creatures vanquished.

Vanquished Creatures (others)
  327 foxfires
327 creatures vanquished.

Grand Total: 463 creatures vanquished

Notes
Turn   | Place    | Note
-------+----------+-------------------------------------------
     0 | D:1      | shmup the Tengu Fire Elementalist began the quest for the
                  | Orb.
     0 | D:1      | Reached XP level 1. HP: 10/10 MP: 4/4
   267 | D:1      | Reached XP level 2. HP: 15/15 MP: 4/6
   489 | D:1      | Reached skill level 4 in Fire Magic
   633 | D:1      | Reached XP level 3. HP: 19/19 MP: 5/7
  1288 | D:2      | Learned a level 2 spell: Scorch
  1386 | D:2      | Reached XP level 4. HP: 24/24 MP: 3/8
  1850 | D:2      | Found a sacrificial altar of Ru.
  2007 | D:3      | Reached skill level 5 in Fire Magic
  2187 | D:3      | Gained mutation: Your magical nature lets you fly swiftly
                  | and evasively. [Tengu growth]
  2187 | D:3      | Reached XP level 5. HP: 28/28 MP: 6/9
  2614 | D:3      | Noticed Robin
  2640 | D:3      | Killed Robin
  2978 | D:3      | Found a sacrificial altar of Ru.
  2985 | D:3      | Noticed Sigmund
  3157 | D:4      | Reached skill level 6 in Fire Magic
  3248 | D:4      | Noticed Grinder
  3331 | D:3      | Reached XP level 6. HP: 32/32 MP: 3/10
  3501 | D:4      | Found Denta's Antique Weapon Boutique.
  3510 | D:4      | Bought an iridescent dagger for 175 gold pieces
  3510 | D:4      | Identified the +9 dagger "Beetleslayer" {pain, rCorr Int+5
                  | Dex+3} (You bought it in a shop on level 4 of the Dungeon)
  3862 | D:4      | Paralysed by Grinder for 5 turns
  3867 | D:4      | Killed Grinder
  3868 | D:4      | Reached skill level 5 in Conjurations
  3868 | D:4      | Reached skill level 7 in Fire Magic
  3868 | D:4      | Reached XP level 7. HP: 22/36 MP: 1/11
  4065 | D:5      | Entered Level 5 of the Dungeon
  4193 | D:5      | Identified the +11 long sword of the Firefly {flame, rF-
                  | Int+2 Dex+7}
  4319 | D:5      | Learned a level 3 spell: Inner Flame
  4405 | D:5      | Noticed Pikel
  4438 | D:5      | Killed Pikel
  4439 | D:5      | Reached skill level 9 in Fire Magic
  4439 | D:5      | Reached XP level 8. HP: 41/41 MP: 2/12
  4517 | D:5      | Learned a level 3 spell: Volatile Blastmotes
  4727 | D:5      | Found a shadowy altar of Dithmenos.
  4727 | D:5      | Found an iron altar of Okawaru.
  4728 | D:5      | Found a snail-covered altar of Cheibriados.
  4752 | D:5      | Reached skill level 10 in Fire Magic
  5062 | D:5      | Noticed Menkaure
  5070 | D:5      | Killed Menkaure
  5151 | D:5      | Found Exomuil's Antique Armour Emporium.
  5157 | D:5      | Bought a spiked leather armour for 203 gold pieces
  5157 | D:5      | Identified the +1 leather armour of Noxious Amelioration
                  | {+Blink Will++ Slay-3} (You bought it in a shop on level 5
                  | of the Dungeon)
  5417 | D:6      | Reached XP level 9. HP: 45/45 MP: 10/13
  5470 | D:6      | Learned a level 3 spell: Hailstorm
  5551 | D:6      | Found a burning altar of Makhleb.
  5885 | D:6      | Reached skill level 11 in Fire Magic
  6148 | D:6      | Killed from afar by an orc wizard

Illustrated notes

Levels and vault maps discovered:
D:1:      pf_arrival_petrified_forest, layout_rooms, st_stairs_8
D:2:      layout_loops_cross, basic_altar
D:3:      layout_loops_ring, mainiacjoe_overflow_catwalk, minmay_guardbox,
          uniq_sigmund, uniq_robin
D:4:      layout_rooms, serial_shops, shop, uniq_grinder
D:5:      layout_cave_pods, gammafunk_temple_overflow_claw, serial_shops, shop,
          uniq_menkaure, uniq_pikel
D:6:      layout_cave_pools, mainiacjoe_overflow_cross_hatched,
          lemuel_tele_altar

Skill      XL: |  1  2  3  4  5  6  7  8  9 |
---------------+----------------------------+-----
Conjurations   | 2 3 4 5 7 8 9 |  9.1
Fire Magic     | 4 5 6 7 9 10 11 | 11.3
Dodging        | |  2.1
Stealth        | |  2.0
Spellcasting   | |  2.0

Action                     |  1- 3 |  4- 6 |  7- 9 || total
---------------------------+-------+-------+-------++-------
  Melee: Unarmed           |     3 |       |       ||     3
         Peck              |     1 |     6 |     4 ||    11
         Spear             |       |    44 |       ||    44
         Kick              |       |    12 |     2 ||    14
         Dagger            |       |     1 |    18 ||    19
   Cast: Foxfire           |    54 |    63 |    73 ||   190
         Scorch            |     2 |    16 |    13 ||    31
         Inner Flame       |       |       |     8 ||     8
         Volatile Blastmot |       |       |     1 ||     1
    Use: Scroll            |       |       |     7 ||     7
 Armour: Robe              |     5 |     8 |     3 ||    16
  Dodge: Dodged            |    14 |    34 |    27 ||    75
